PL
BUCKHEAD BOWTIES @ CHICAGO GOLD SOX
09/15/2023
 
TOP OF THE 1ST
Buckhead Bowties batting - Pitching for Chicago Gold Sox : RHP Ralph McKinney
Pitching: RHP Ralph McKinney
Batting: RHB Enrique Marroquín 0-0: Ball
1-0: Called Strike
1-1: Foul Ball, location: 2F
1-2: Strikes out swinging
Batting: LHB Neil Lawson 0-0: Called Strike
0-1: Foul Ball, location: 2F
0-2: Strikes out swinging
Batting: LHB Gregg Young 0-0: Ball
1-0: Swinging Strike
1-1: Foul Ball, location: 2F
1-2: Strikes out swinging
Top of the 1st over - 0 run(s), 0 hit(s), 0 error(s), 0 left on base; Buckhead 0 - Chicago 0
BOTTOM OF THE 1ST
Chicago Gold Sox batting - Pitching for Buckhead Bowties : RHP Pat Pérez
Pitching: RHP Pat Pérez
Batting: LHB Noel Ballard 0-0: Ball
1-0: Foul Ball, location: 2F
1-1: SINGLE (Line Drive, 78S)
Batting: LHB Melvin Castro 0-0: Foul Ball, location: 2F
0-1: Fielders Choice at 2nd, 6-4 (Groundball, 6M)
Batting: LHB Michael Neely 0-0: Ball
1-0: Called Strike
1-1: Swinging Strike
1-2: Foul Ball, location: 2F
1-2: Ball
2-2: DOUBLE (Flyball, 78D)
Melvin Castro to third
Batting: LHB William Wise 0-0: Fly out, F5 (Popup, 15)
Batting: LHB Michael Greene 0-0: Called Strike
0-1: 3-RUN HOME RUN (Flyball, 89XD), Distance : 395 ft
Batting: RHB Rod Jones 0-0: Called Strike
0-1: Swinging Strike
0-2: SOLO HOME RUN (Flyball, 7LD), Distance : 352 ft
Batting: LHB Sam Good 0-0: Called Strike
0-1: SINGLE (Line Drive, 89S)
Batting: LHB Eddie Flynn 0-0: Ball
1-0: Called Strike
1-1: SINGLE (Flyball, 8RS)
Sam Good to second
Runner from 2nd tries for 3rd, SAFE, throw made to third
Batting: RHB David Edwards 0-0: Called Strike
0-1: Called Strike
0-2: Ball
1-2: Ball
2-2: Fielders Choice at 2nd, 6-4 (Groundball, 6MS)
Bottom of the 1st over - 4 run(s), 6 hit(s), 0 error(s), 1 left on base; Buckhead 0 - Chicago 4
TOP OF THE 2ND
Buckhead Bowties batting - Pitching for Chicago Gold Sox : RHP Ralph McKinney
Batting: LHB Tony Martínez 0-0: Ball
1-0: Called Strike
1-1: Foul Ball, location: 2F
1-2: Ball
2-2: Foul Ball, location: 2F
2-2: Ball
3-2: Foul Ball, location: 2F
3-2: Foul Ball, location: 2F
3-2: Fly out, F8 (Flyball, 8RXD)
Batting: RHB Domingo García 0-0: Ball
1-0: Ball
2-0: Swinging Strike
2-1: Swinging Strike
2-2: Ball
3-2: Foul Ball, location: 2F
3-2: Strikes out swinging
Batting: RHB Gabriel Rodríguez 0-0: Ball
1-0: Ball
2-0: Foul Ball, location: 2F
2-1: Called Strike
2-2: Strikes out swinging
Top of the 2nd over - 0 run(s), 0 hit(s), 0 error(s), 0 left on base; Buckhead 0 - Chicago 4
BOTTOM OF THE 2ND
Chicago Gold Sox batting - Pitching for Buckhead Bowties : RHP Pat Pérez
Batting: LHB Noel Ballard 0-0: Ball
1-0: Ball
2-0: Fly out, F7 (Flyball, 7S)
Batting: LHB Melvin Castro 0-0: Called Strike
0-1: Called Strike
0-2: Ball
1-2: Ball
2-2: SINGLE (Groundball, 3D)
Batting: LHB Michael Neely 0-0: Foul Ball, location: 2F
0-1: Foul Ball, location: 2F
0-2: Ball
1-2: Ball
2-2: Ball
3-2: Foul Ball, location: 2F
3-2: Base on Balls
Melvin Castro to second
Batting: LHB William Wise 0-0: Ball
1-0: Ball
2-0: Called Strike
2-1: SINGLE (Line Drive, 7S)
Melvin Castro to third
Michael Neely to second
Batting: LHB Michael Greene 0-0: Foul Ball, location: 2F
0-1: Ball
1-1: Ball
2-1: Foul Ball, location: 2F
2-2: Ball
3-2: Fly out, F4 (Popup, 3D)
Batting: RHB Rod Jones 0-0: Ball
1-0: Ball
2-0: Foul Ball, location: 2F
2-1: SINGLE (Groundball, 6MD)
Melvin Castro scores
Michael Neely to third
William Wise to second
Runner from 3rd tries for Home, SAFE, throw made home
William Wise to third
Rod Jones to second
Pitching: RHP Yin-fat Foong
Batting: LHB Sam Good 0-0: Ball
1-0: Ball
2-0: Ball
3-0: Base on Balls
Batting: LHB Eddie Flynn 0-0: Called Strike
0-1: Foul Ball, location: 2F
0-2: Ball
1-2: DOUBLE (Line Drive, 3D)
William Wise scores
Rod Jones scores
Sam Good to third
Batting: RHB David Edwards 0-0: Ball
1-0: Called Strike
1-1: Ball
2-1: Ball
3-1: Fly out, F9 (Flyball, 9S)
Bottom of the 2nd over - 4 run(s), 4 hit(s), 0 error(s), 2 left on base; Buckhead 0 - Chicago 8
TOP OF THE 3RD
Buckhead Bowties batting - Pitching for Chicago Gold Sox : RHP Ralph McKinney
Batting: RHB Won-min Yi 0-0: Ball
1-0: Foul Ball, location: 2F
1-1: Called Strike
1-2: Ball
2-2: Strikes out swinging
Batting: LHB Harrison Jones 0-0: Foul Ball, location: 2F
0-1: Ball
1-1: Foul Ball, location: 2F
1-2: Strikes out looking
Batting: RHB Joe Andrews 0-0: Swinging Strike
0-1: Called Strike
0-2: Fly out, F9 (Flyball, 9LM)
Top of the 3rd over - 0 run(s), 0 hit(s), 0 error(s), 0 left on base; Buckhead 0 - Chicago 8
BOTTOM OF THE 3RD
Chicago Gold Sox batting - Pitching for Buckhead Bowties : RHP Yin-fat Foong
Batting: LHB Noel Ballard 0-0: Ball
1-0: Called Strike
1-1: Ball
2-1: Swinging Strike
2-2: Ground out 6-3 (Groundball, 6)
Batting: LHB Melvin Castro 0-0: Ball
1-0: Ball
2-0: Called Strike
2-1: SINGLE (Groundball, 34D)
Batting: LHB Michael Neely 0-0: Ball
1-0: Foul Ball, location: 2F
1-1: SINGLE (Line Drive, 8RS)
Melvin Castro to second
Batting: LHB William Wise 0-0: Ball
1-0: Ball
2-0: Ball
3-0: Base on Balls
Melvin Castro to third
Michael Neely to second
Batting: LHB Michael Greene 0-0: Ball
1-0: Ball
2-0: Foul Ball, location: 2F
2-1: Foul Ball, location: 2F
2-2: Ball
3-2: GRAND SLAM HOME RUN (Flyball, 8RXD), Distance : 438 ft
Pitching: LHP Ramón Torres
Batting: RHB Rod Jones 0-0: Foul Ball, location: 2F
0-1: Foul Ball, location: 2F
0-2: Fly out, F8 (Flyball, 8RM)
Batting: LHB Sam Good 0-0: Ball
1-0: Ball
2-0: Called Strike
2-1: Foul Ball, location: 2F
2-2: Strikes out swinging
Bottom of the 3rd over - 4 run(s), 3 hit(s), 0 error(s), 0 left on base; Buckhead 0 - Chicago 12
TOP OF THE 4TH
Buckhead Bowties batting - Pitching for Chicago Gold Sox : RHP Ralph McKinney
Batting: RHB Enrique Marroquín 0-0: Ball
1-0: Foul Ball, location: 2F
1-1: Swinging Strike
1-2: Ball
2-2: Fly out, F9 (Flyball, 89M)
Batting: LHB Neil Lawson 0-0: Called Strike
0-1: Foul Ball, location: 2F
0-2: Strikes out swinging
Batting: LHB Gregg Young 0-0: Called Strike
0-1: Ground out 6-3 (Groundball, 6M)
Top of the 4th over - 0 run(s), 0 hit(s), 0 error(s), 0 left on base; Buckhead 0 - Chicago 12
BOTTOM OF THE 4TH
Chicago Gold Sox batting - Pitching for Buckhead Bowties : LHP Ramón Torres
Batting: LHB Eddie Flynn 0-0: Ball
1-0: Ground out 5-3 (Groundball, 15S)
Batting: RHB David Edwards 0-0: Called Strike
0-1: Ball
1-1: Swinging Strike
1-2: Strikes out swinging
Batting: LHB Noel Ballard 0-0: Ball
1-0: Called Strike
1-1: Foul Ball, location: 2F
1-2: Strikes out swinging
Bottom of the 4th over - 0 run(s), 0 hit(s), 0 error(s), 0 left on base; Buckhead 0 - Chicago 12
TOP OF THE 5TH
Buckhead Bowties batting - Pitching for Chicago Gold Sox : RHP Ralph McKinney
Batting: LHB Tony Martínez 0-0: Ball
1-0: Fly out, F4 (Popup, 4M)
Batting: RHB Domingo García 0-0: Called Strike
0-1: Ball
1-1: Fly out, F9 (Flyball, 89S)
Batting: RHB Gabriel Rodríguez 0-0: Ball
1-0: Called Strike
1-1: SOLO HOME RUN (Flyball, 7D), Distance : 391 ft
Batting: RHB Won-min Yi 0-0: Swinging Strike
0-1: Foul Ball, location: 2F
0-2: Ball
1-2: Ball
2-2: Strikes out swinging
Top of the 5th over - 1 run(s), 1 hit(s), 0 error(s), 0 left on base; Buckhead 1 - Chicago 12
BOTTOM OF THE 5TH
Chicago Gold Sox batting - Pitching for Buckhead Bowties : LHP Ramón Torres
Batting: LHB Melvin Castro 0-0: Ground out 3-1 (Groundball, 3)
Batting: LHB Michael Neely 0-0: Ball
1-0: Called Strike
1-1: Ball
2-1: Called Strike
2-2: Strikes out looking
Batting: LHB William Wise 0-0: DOUBLE (Line Drive, 8LD)
Batting: LHB Michael Greene 0-0: Called Strike
0-1: Called Strike
0-2: Foul Ball, location: 2F
0-2: Ball
1-2: Ball
2-2: Ball
3-2: Base on Balls
Batting: RHB Rod Jones 0-0: Ball
1-0: Fly out, F7 (Flyball, 7M)
Bottom of the 5th over - 0 run(s), 1 hit(s), 0 error(s), 2 left on base; Buckhead 1 - Chicago 12
TOP OF THE 6TH
Buckhead Bowties batting - Pitching for Chicago Gold Sox : RHP Ralph McKinney
Batting: LHB Harrison Jones 0-0: Ball
1-0: Foul Ball, location: 2F
1-1: Ball
2-1: Foul Ball, location: 2F
2-2: Fly out, F8 (Flyball, 8RM)
Batting: RHB Joe Andrews 0-0: Ball
1-0: Ball
2-0: Called Strike
2-1: Foul Ball, location: 2F
2-2: Strikes out looking
Batting: RHB Enrique Marroquín 0-0: SINGLE (Groundball, 4D)
Pitching: RHP Louis Webber
Pinch Hitting: RHB Pedro Morales 0-0: Called Strike
0-1: Ball
1-1: Swinging Strike
1-2: Strikes out looking
Top of the 6th over - 0 run(s), 1 hit(s), 0 error(s), 1 left on base; Buckhead 1 - Chicago 12
BOTTOM OF THE 6TH
Chicago Gold Sox batting - Pitching for Buckhead Bowties : LHP Ramón Torres
Now in CF: Pedro Morales
Batting: LHB Sam Good 0-0: Called Strike
0-1: Foul Ball, location: 2F
0-2: Fly out, F8 (Flyball, 8RD)
Batting: LHB Eddie Flynn 0-0: Ball
1-0: Called Strike
1-1: Foul Ball, location: 2F
1-2: Foul Ball, location: 2F
1-2: SINGLE (Line Drive, 89M)
Batting: RHB David Edwards 0-0: Ball
1-0: Ball
2-0: Foul Ball, location: 2F
2-1: Grounds into double play, 5-4-3 (Groundball, 5L)
Bottom of the 6th over - 0 run(s), 1 hit(s), 0 error(s), 0 left on base; Buckhead 1 - Chicago 12
TOP OF THE 7TH
Buckhead Bowties batting - Pitching for Chicago Gold Sox : RHP Louis Webber
Batting: LHB Gregg Young 0-0: Ball
1-0: Ball
2-0: SINGLE (Line Drive, 89S)
Batting: LHB Tony Martínez 0-0: Grounds into double play, 4-6-3 (Groundball, 34)
Batting: RHB Domingo García 0-0: Ball
1-0: Called Strike
1-1: Ball
2-1: Hit by Pitch
Batting: RHB Gabriel Rodríguez 0-0: Ball
Wild Pitch!
Domingo García to second
1-0: Ball
2-0: Called Strike
2-1: Ball
3-1: Fly out, F7 (Popup, 6MD)
Top of the 7th over - 0 run(s), 1 hit(s), 0 error(s), 1 left on base; Buckhead 1 - Chicago 12
BOTTOM OF THE 7TH
Chicago Gold Sox batting - Pitching for Buckhead Bowties : LHP Ramón Torres
Batting: LHB Noel Ballard 0-0: Ball
1-0: Foul Ball, location: 2F
1-1: Called Strike
1-2: Ground out 6-3 (Groundball, 6M)
Batting: LHB Melvin Castro 0-0: Ball
1-0: Ball
2-0: Called Strike
2-1: Ball
3-1: Foul Ball, location: 2F
3-2: Ground out 4-3 (Groundball, 4)
Batting: LHB Michael Neely 0-0: Ball
1-0: Foul Ball, location: 2F
1-1: Ball
2-1: Foul Ball, location: 2F
2-2: Foul Ball, location: 2F
2-2: Foul Ball, location: 2F
2-2: Ground out 5-3 (Groundball, 56S)
Bottom of the 7th over - 0 run(s), 0 hit(s), 0 error(s), 0 left on base; Buckhead 1 - Chicago 12
TOP OF THE 8TH
Buckhead Bowties batting - Pitching for Chicago Gold Sox : RHP Louis Webber
Batting: RHB Won-min Yi 0-0: Ball
1-0: Foul Ball, location: 2F
1-1: Ground out 4-3 (Groundball, 13)
Batting: LHB Harrison Jones 0-0: SINGLE (Groundball, 34D) (infield hit)
Batting: RHB Joe Andrews 0-0: Ground out 5-3 (Groundball, 56S)
Harrison Jones to second
Batting: RHB Enrique Marroquín 0-0: Called Strike
0-1: Ball
1-1: Ball
2-1: Called Strike
2-2: Strikes out swinging
Top of the 8th over - 0 run(s), 1 hit(s), 0 error(s), 1 left on base; Buckhead 1 - Chicago 12
BOTTOM OF THE 8TH
Chicago Gold Sox batting - Pitching for Buckhead Bowties : LHP Ramón Torres
Batting: LHB William Wise 0-0: Called Strike
0-1: Called Strike
0-2: Foul Ball, location: 2F
0-2: Ball
1-2: Ball
2-2: Ball
3-2: Ground out 5-3 (Groundball, 5L)
Batting: LHB Michael Greene 0-0: Ball
1-0: Ball
2-0: Foul Ball, location: 2F
2-1: Foul Ball, location: 2F
2-2: Ball
3-2: SINGLE (Flyball, 7S)
Batting: RHB Rod Jones 0-0: Called Strike
0-1: Ball
1-1: DOUBLE (Flyball, 8LM)
Michael Greene to third
Batting: LHB Sam Good 0-0: Ball
Wild Pitch!
Michael Greene scores
Rod Jones to third
1-0: Ball
Steal of home, Rod Jones is out
2-0: SINGLE (Groundball, 25) (infield hit)
Batting: LHB Eddie Flynn 0-0: Ball
1-0: Ground out 4-3 (Groundball, 34)
Bottom of the 8th over - 1 run(s), 3 hit(s), 0 error(s), 1 left on base; Buckhead 1 - Chicago 13
TOP OF THE 9TH
Buckhead Bowties batting - Pitching for Chicago Gold Sox : RHP Louis Webber
Batting: RHB Pedro Morales 0-0: Ball
1-0: Called Strike
1-1: Ball
2-1: Foul Ball, location: 2F
2-2: Foul Ball, location: 2F
2-2: Ball
3-2: Ground out 4-3 (Groundball, 4)
Batting: LHB Gregg Young 0-0: Ball
1-0: Foul Ball, location: 2F
1-1: Swinging Strike
1-2: Foul Ball, location: 2F
1-2: Strikes out swinging
Pinch Hitting: RHB Albert Morales 0-0: Foul Ball, location: 2F
0-1: Ball
1-1: Ball
2-1: Ground out 6-3 (Groundball, 6)
Top of the 9th over - 0 run(s), 0 hit(s), 0 error(s), 0 left on base; Buckhead 1 - Chicago 13
This league is powered by Out of the Park Baseball, the baseball management simulation game for PC, Mac and Linux
Friday, July 8th, 2016 - OOTP Baseball 16.9 Build 39